 Dungeon Crawl Stone Soup version 0.21.0-3-g78d12a8 (webtiles) character file.

74 pomescollege the Firebug (level 4, -15/30 HPs)
             Began as a Demonspawn Fire Elementalist on Jan 11, 2018.
             Demolished by an ogre
             ... wielding a +0 giant club
              (23 damage)
             ... on level 3 of the Dungeon.
             The game lasted 00:09:17 (2285 turns).

pomescollege the Firebug (DsFE)                     Turns: 2285, Time: 00:09:17

Health: -15/30     AC:  3    Str:  9    XL:     4   Next: 9%
Magic:  3/7        EV: 12    Int: 17    God:
Gold:   117        SH:  0    Dex: 13    Spells: 4/8 levels left

rFire    . . .     SeeInvis .   i - +0 short sword
rCold    . . .     Gourm    .   (no shield)
rNeg     . . .     Faith    .   a - +0 robe
rPois    .         Spirit   .   (no helmet)
rElec    .         Reflect  .   (no cloak)
rCorr    .         Harm     .   h - +0 pair of gloves
MR       .....                  (no boots)
Stlth    +++.......             (no amulet)
HPRegen  0.10/turn              (no ring)
MPRegen  0.10/turn              (no ring)

@: very slightly contaminated
A: nightstalker 1, rot immunity
a: no special abilities


You were on level 3 of the Dungeon.
You were hungry.

You visited 1 branch of the dungeon, and saw 3 of its levels.

You collected 117 gold pieces.

Inventory:

Hand Weapons
 i - a +0 short sword (weapon)
Armour
 a - a +0 robe (worn)
 h - a +0 pair of gloves (worn)
Jewellery
 m - a cursed amulet of inaccuracy {unknown}
Scrolls
 k - a scroll of blinking {unknown}
 l - a scroll of immolation {unknown}
Potions
 d - 2 potions of heal wounds
 e - 3 potions of curing
 f - a potion of agility {unknown}
 j - 2 potions of mutation {unknown}
 o - a potion of degeneration {unknown}
Books
 b - a book of Flames

   Spells                             Type                      Level
   a - Flame Tongue                   Conjuration/Fire             1
   b - Throw Flame                    Conjuration/Fire             2
   c - Conjure Flame                  Conjuration/Fire             3
   d - Inner Flame                    Hexes/Fire                   3
   e - Sticky Flame                   Conjuration/Fire             4
   f - Fireball                       Conjuration/Fire             5
Comestibles
 c - 4 rations
 g - a chunk of flesh


   Skills:
 - Level 0.3 Fighting
 - Level 2.2 Dodging
 + Level 2.0 Stealth
 - Level 0.5 Unarmed Combat
 + Level 2.5 Spellcasting
 * Level 1.8 Conjurations
 * Level 3.3 Fire Magic


You had 4 spell levels left.
You knew the following spells:

 Your Spells              Type           Power        Failure   Level  Hunger
a - Flame Tongue          Conj/Fire      ##...        6%          1    #......
b - Conjure Flame         Conj/Fire      ##......     19%         3    ###....


Dungeon Overview and Level Annotations

Branches:
Dungeon (3/15)

Altars:


Innate Abilities, Weirdness & Mutations

You are slightly more attuned to the shadows.
You are immune to rotting.


Message History

Confirm with . or Enter, or press ? or * to list all spells.
Aiming: Flame Tongue
Press: ? - help, Shift-Dir - straight line, f - ogre
Aim: an ogre, wielding a giant club The flame tongue hits the ogre.
The ogre is moderately wounded.
Casting: Flame Tongue
Confirm with . or Enter, or press ? or * to list all spells.
Aiming: Flame Tongue
Press: ? - help, Shift-Dir - straight line, f/p - ogre
Aim: an ogre, wielding a giant club (moderately wounded)
The flame tongue hits the ogre.
The ogre is moderately wounded.
You are feeling hungry.
The ogre hits you with a giant club!!
Ouch! That really hurt!
* * * LOW HITPOINT WARNING * * *
The ogre hits you with a giant club!!
Ouch! That really hurt!
You die...

#??.... ##.##.#. #+#
#....O.. #.# #..#..#.
#.# #O.#.##. ##.##
#..#.##. ##...##
#<.#.##. #..O..#
#.......
#####@..##########.###
......#.## #........#
####..).####.########
#.........#
#....###### ####.# #.#
#.# ######### #.#
##.##.....


You could see an ogre.

Vanquished Creatures
  A gnoll (D:1)
  An adder (D:2)
  3 dart slugs
  9 bats
  2 giant cockroaches (D:2)
  10 goblins
  7 hobgoblins
  2 jackals (D:2)
  2 kobolds (D:1)
  3 frilled lizards
  3 rats
43 creatures vanquished.

Notes
Turn   | Place    | Note
-------+----------+-------------------------------------------
     0 | D:1      | pomescollege the Demonspawn Fire Elementalist began the quest for the Orb.
     0 | D:1      | Reached XP level 1. HP: 13/13 MP: 3/3
   164 | D:1      | Gained mutation: You are immune to rotting. [demonic ancestry]
   164 | D:1      | Reached XP level 2. HP: 11/19 MP: 1/5
   212 | D:1      | Reached skill level 3 in Fire Magic
   372 | D:1      | Gained mutation: You are slightly more attuned to the shadows. [demonic ancestry]
   372 | D:1      | Reached XP level 3. HP: 18/24 MP: 0/6
   534 | D:1      | Learned a level 3 spell: Conjure Flame
  1813 | D:2      | Reached XP level 4. HP: 27/30 MP: 0/7
  2082 | D:3      | Noticed an ogre
  2285 | D:3      | Demolished by an ogre

Skill      XL: |  1  2  3 |
---------------+----------+-----
Dodging        | 2 |  2.2
Fire Magic     | 3 |  3.3
Stealth        | 2 |  2.0
Fighting       | |  0.3
Unarmed Combat | |  0.5
Spellcasting   | |  2.5
Conjurations   | |  1.8

Action                   |  1- 3 |  4- 6 || total
-------------------------+-------+-------++-------
Melee: Unarmed           |    29 |       ||    29
       Short sword       |    18 |       ||    18
 Cast: Flame Tongue      |    79 |    10 ||    89
       Conjure Flame     |     1 |     1 ||     2
  Use: Scroll            |     4 |       ||     4
 Stab: Sleeping          |     1 |       ||     1
  Eat: Chunk             |     4 |     1 ||     5
Armor: Robe              |    40 |       ||    40
Dodge: Dodged            |    84 |     2 ||    86
